 Dungeon Crawl Stone Soup version 0.17-a0-1570-g74b7129 (webtiles) character file.

1412 Chiseanne the Skirmisher (level 8, -8/67 HPs)
             Began as a Demonspawn Wanderer on July 23, 2015.
             Was a Follower of Qazlal.
             Mangled by Menkaure (18 damage)
             ... on level 6 of the Dungeon.
             The game lasted 00:10:25 (4930 turns).

Chiseanne the Skirmisher (Demonspawn Wanderer)      Turns: 4930, Time: 00:10:25

Health: -8/67      AC: 10    Str: 18    XL:     8   Next: 43%
Magic:  8/8        EV: 11    Int: 13    God:    Qazlal [*.....]
Gold:   236        SH:  2    Dex:  9    Spells: 0 memorised, 7 levels left

rFire  . . .     SeeInvis .     s - +9 falchion of Dismemberment {freeze, rPois Str+4 Dex-5 Stlth+}
rCold  . . .     Clarity  +     h - +3 scale mail
rNeg   . . .     SustAt   +     (no shield)
rPois  +         Gourm    .     (helmet restricted)
rElec  .         Spirit   .     (no cloak)
rCorr  .         Warding  .     (no gloves)
rMut   .         Stasis   .     (no boots)
MR     .....                    u - amulet of clarity (curse)
Stlth  +.........               (no ring)
                                r - ring of sustain attributes

@: not resistant to hostile enchantments, very unstealthy
A: claws 1, horns 1, spiny 1
a: Renounce Religion


You were on level 6 of the Dungeon.
You worshipped Qazlal.
Qazlal was aware of your devotion.
You were not hungry.

You visited 1 branch of the dungeon, and saw 6 of its levels.

You collected 236 gold pieces.

Inventory:

Hand weapons
 a - a +0 dagger of electrocution
 s - the +9 falchion of Dismemberment (weapon) {freeze, rPois Str+4 Dex-5 Stlth+}
   (You found it on level 5 of the Dungeon)

   It has been specially enchanted to freeze those struck by it, causing extra
   injury to most foes and up to half again as much damage against particularly
   susceptible opponents.
   It can also slow down cold-blooded creatures.
   It affects your strength (+4).
   It affects your dexterity (-5).
   It protects you from poison.
   It makes you more stealthy.
 y - a +0 blowgun
Missiles
 i - 2 throwing nets (quivered)
 l - 51 poisoned needles
 m - 68 sling bullets
 z - 7 javelins
 C - 120 arrows
Armour
 h - a +3 scale mail (worn)
Jewellery
 n - an uncursed amulet of faith {unknown}
 r - a ring of sustain attributes (left claw)
 u - a cursed amulet of clarity (around neck)
 w - an uncursed ring of fire
Scrolls
 g - 3 scrolls of remove curse
 x - a scroll of enchant armour
 E - a scroll of identify
 F - a scroll of teleportation {unknown}
 G - a scroll of enchant weapon {unknown}
 H - a scroll of immolation
Potions
 d - 2 potions of heal wounds
 f - a potion of haste
 k - a potion of mutation {unknown}
 o - a potion of degeneration {unknown}
 p - 3 potions of ambrosia
 q - a potion of agility {unknown}
 t - 3 potions of flight {unknown}
 B - a potion of lignification {unknown}
 D - 3 potions of curing {unknown}
 I - a potion of poison {unknown}
Books
 b - the Disquisition on Execration

   Spells                             Type                      Level
   a - Corona                         Hexes                        1
   b - Gell's Gravitas                Hexes/Translocation          3
 c - Hurideec's Incunabulum of Snow

   Spells                             Type                      Level
   a - Freeze                         Ice                          1
   b - Ozocubu's Armour               Charms/Ice                   3
Comestibles
 e - 5 bread rations
 j - 2 meat rations
 v - 2 chunks of flesh
 A - a slice of pizza


   Skills:
 * Level 7.5 Fighting
 - Level 1.0 Throwing
 + Level 5.7 Armour
 + Level 4.6 Dodging
   Level 1.0 Shields
   Level 1.1 Necromancy
   Level 1.7 Ice Magic


You had 7 spell levels left.
You didn't know any spells.

Dungeon Overview and Level Annotations

Branches:
Dungeon (6/15)             Temple (0/1) D:5

Altars:
Qazlal

Shops:
D:5 (

Annotations:
D:6 Menkaure


Innate Abilities, Weirdness & Mutations

You have sharp fingernails.
You have a pair of small horns on your head.
You are partially covered in sharp spines.


Message History

The arrow barely misses you.
The centaur shoots an arrow.
The arrow completely misses you. Menkaure is struck by your spines.
Menkaure misses you.
You slash Menkaure! You freeze Menkaure.
Menkaure is severely damaged.
The centaur shoots an arrow.
The arrow hits you! Menkaure closely misses you.
The centaur shoots an arrow.
The arrow hits you.
Menkaure calls on the powers of darkness!
Your body is wracked with pain!
The centaur convulses!
You hit Menkaure.
You headbutt Menkaure, but do no damage.
Menkaure is almost destroyed.
The centaur shoots an arrow.
The arrow hits you!
* * * LOW HITPOINT WARNING * * *
Menkaure calls on the powers of darkness!
Your body is wracked with pain!
* * * LOW HITPOINT WARNING * * *
The centaur convulses!
Menkaure hits you!!
You die...

....## ...## ....## #####
## .....## #...# .##
......####..#######..####
.............##(=........
..............(..........
.........................
................@........
.)..............M(.......
................c........
.........................
.............$...........
.........................
...........<.............
.........................
.........................


You could see Menkaure and a centaur.

Vanquished Creatures
  Pikel (D:4)
  Grinder (D:5)
  Eustachio (D:4)
  2 ice beasts
  A hound (D:4)
  5 orc wizards
  An iguana (D:5)
  2 worker ants (D:5)
  5 adders
  A shadow imp (D:5)
  An adder skeleton (D:5)
  4 worms
  10 giant geckos
  7 orcs
  6 bats
  A bat skeleton (D:4)
  A bat zombie (D:5)
  A giant cockroach (D:1)
  11 goblins
  15 hobgoblins
  9 jackals
  2 quokkas
  6 giant newts
  11 kobolds
  14 rats
119 creatures vanquished.

Notes
Turn   | Place    | Note
--------------------------------------------------------------
     0 | D:1      | Chiseanne the Demonspawn Wanderer began the quest for the Orb.
     0 | D:1      | Chiseanne set off with: a +2 scale mail, the Disquisition on Execration, Hurideec's Incunabulum of Snow, a +0 club, a bread ration
     0 | D:1      | Reached XP level 1. HP: 15/15 MP: 1/1
     0 | D:1      | Identified the Disquisition on Execration
     0 | D:1      | Identified Hurideec's Incunabulum of Snow
   487 | D:1      | Gained mutation: You are partially covered in sharp spines. [demonic ancestry]
   487 | D:1      | Reached XP level 2. HP: 15/21 MP: 2/2
   960 | D:1      | Reached skill level 1 in Dodging
  1033 | D:1      | Reached XP level 3. HP: 25/27 MP: 3/3
  1954 | D:2      | Reached XP level 4. HP: 33/35 MP: 4/4
  2048 | D:2      | Reached skill level 4 in Armour
  2193 | D:3      | Found a stormy altar of Qazlal.
  2198 | D:3      | Became a worshipper of Qazlal Stormbringer
  2571 | D:3      | Reached XP level 5. HP: 15/41 MP: 5/5
  3209 | D:4      | Noticed Eustachio
  3232 | D:4      | Killed Eustachio
  3232 | D:4      | Reached XP level 6. HP: 25/49 MP: 6/6
  3324 | D:4      | Acquired Qazlal's first power
  3668 | D:4      | Noticed Pikel
  3668 | D:4      | Noticed a slave
  3668 | D:4      | Noticed a slave
  3669 | D:4      | Noticed a slave
  3670 | D:4      | Noticed a slave
  3685 | D:4      | Killed Pikel
  3685 | D:4      | Reached skill level 6 in Fighting
  3685 | D:4      | Reached skill level 5 in Armour
  3685 | D:4      | Gained mutation: You have sharp fingernails. [demonic ancestry]
  3685 | D:4      | Reached XP level 7. HP: 50/58 MP: 7/7
  4049 | D:5      | Entered Level 5 of the Dungeon
  4073 | D:5      | Found Dautaen's Weapon Shoppe.
  4101 | D:5      | Gained mutation: You have a pair of small horns on your head. [demonic ancestry]
  4101 | D:5      | Reached XP level 8. HP: 40/65 MP: 8/8
  4255 | D:5      | Noticed Grinder
  4256 | D:5      | Found a staircase to the Ecumenical Temple.
  4269 | D:5      | Killed Grinder
  4269 | D:5      | Reached skill level 7 in Fighting
  4628 | D:5      | Got a dazzling falchion
  4629 | D:5      | Identified the +9 falchion of Dismemberment {freeze, rPois Str+4 Dex-5 Stlth+} (You found it on level 5 of the Dungeon)
  4922 | D:6      | Noticed Menkaure
  4930 | D:6      | Mangled by Menkaure

Vault maps used:
D:1:      roderic_octagonal_star
D:3:      grunt_qazlal_clouds
D:4:      first_bread, serial_bayou_lagoon_b, uniq_eustachio, uniq_pikel
D:5:      minmay_temple_entry_statues, serial_shops, kennysheep_little_box,
          uniq_grinder
D:6:      minitemple, grunt_decor_one_mirror, uniq_menkaure

Action                   |  1- 3 |  4- 6 |  7- 9 || total
-------------------------+-------+-------+-------++-------
Melee: Club              |    34 |       |       ||    34
       Short sword       |    43 |       |       ||    43
       Mace              |     9 |       |       ||     9
       Long sword        |    13 |    19 |       ||    32
       Dagger            |       |    52 |    77 ||   129
       Falchion          |       |       |     6 ||     6
Throw: Throwing net      |       |     2 |       ||     2
  Use: Scroll            |     7 |     2 |     1 ||    10
  Eat: Chunk             |     3 |     5 |     5 ||    13
